 Dungeon Crawl Stone Soup version 0.17-a0-776-gd86b262 (webtiles) character file.

27127 FedoraBrony69 the Eclecticist (level 13, -6/71 (74) HPs)
             Began as a Deep Elf Conjurer on Apr 25, 2015.
             Was an Elder of Vehumet.
             Mangled by a spiny frog (9 damage)
             ... on level 4 of the Lair of Beasts.
             The game lasted 01:09:38 (19159 turns).

FedoraBrony69 the Eclecticist (Deep Elf Conjurer)  Turns: 19159, Time: 01:09:38

HP:   -6/71 (74)    AC:  7    Str:  5    XL:     13   Next: 2%
MP:   36/44         EV: 16    Int: 26    God:    Vehumet [****..]
Gold: 913           SH:  6    Dex: 20    Spells: 5 memorised, 28 levels left

rFire  . . .     SeeInvis +     t - +0 falchion of Distraction {slice, *Rage rElec rC++ SInv}
rCold  + + .     Rnd*Rage +     a - +0 robe
rNeg   . . .     SustAb   .     p - +0 buckler
rPois  .         Gourm    .     y - +2 hat
rElec  +         Spirit   .     w - +0 cloak
rCorr  +         Warding  .     T - +0 pair of gloves
rMut   .         Stasis   .     N - +0 pair of boots
MR     +....                    L - amulet of resist corrosion
Stlth  +++.......               r - ring of magical power
                                k - +5 ring of dexterity

@: about to teleport, starving, somewhat resistant to hostile enchantments,
fairly stealthy
A: no striking features
a: Renounce Religion


You were on level 4 of the Lair of Beasts.
You worshipped Vehumet.
Vehumet was greatly pleased with you.
You were starving.

You visited 3 branches of the dungeon, and saw 17 of its levels.

You collected 913 gold pieces.

Inventory:

Hand weapons
 t - the +0 falchion of Distraction (weapon) {slice, *Rage rElec rC++ SInv}
   (You found it on level 6 of the Lair of Beasts)

   It inflicts extra damage upon your enemies.
   It greatly protects you from cold.
   It insulates you from electricity.
   It enhances your eyesight.
   It may make you go berserk in combat.
Armour
 a - a +0 robe (worn)
 p - a +0 buckler (worn)
 w - a +0 cloak (worn)
 y - a +2 hat (worn)
 N - a +0 pair of boots (worn)
 T - a +0 pair of gloves (worn)
Jewellery
 k - a +5 ring of dexterity (left hand)
 r - a ring of magical power (right hand)
 L - an amulet of resist corrosion (around neck)
Magical devices
 d - a wand of polymorph (9)
 W - a wand of hasting (5)
Scrolls
 f - 2 scrolls of remove curse
 h - 2 scrolls of magic mapping {unknown}
 i - a scroll of brand weapon {unknown}
 q - 2 scrolls of summoning {unknown}
 s - 2 scrolls of torment {unknown}
 u - 4 scrolls of enchant armour {unknown}
 x - 13 scrolls of teleportation
 E - a scroll of recharging {unknown}
 F - 3 scrolls of fog {unknown}
 H - a scroll of vulnerability {unknown}
 I - a scroll of fear {unknown}
 K - 3 scrolls of immolation {unknown}
Potions
 e - 5 potions of agility
 g - a potion of haste
 j - a potion of flight
 n - 7 potions of heal wounds
 z - 3 potions of lignification {unknown}
 A - 2 potions of restore abilities
 O - 3 potions of brilliance {unknown}
 P - 2 potions of poison {unknown}
 Q - a potion of cancellation {unknown}
 S - 3 potions of cure mutation {unknown}
 U - a potion of mutation {unknown}
 Z - 2 potions of curing
Comestibles
 c - 8 bread rations
 m - 7 meat rations
 C - 4 royal jellies
 G - 30 fruits
 V - 2 beef jerkies


   Skills:
 - Level 6.0 Fighting
 - Level 5.0 Dodging
 - Level 2.4 Stealth
 - Level 5.0 Shields
 + Level 16.1 Spellcasting
 - Level 13.1 Conjurations
 - Level 9.2 Charms
 - Level 5.0 Necromancy
 * Level 5.6 Fire Magic


You had 28 spell levels left.
You knew the following spells:

 Your Spells              Type           Power        Failure   Level  Hunger
a - Magic Dart            Conj           ####         0%          1    None
b - Iskenderun's Battles  Conj/Chrm      ######..     1%          5    None
c - Iskenderun's Mystic   Conj           ######..     1%          4    None
d - Sublimation of Blood  Necr           #####.....   1%          2    None
e - Sticky Flame          Conj/Fire      ######..     1%          4    None


Dungeon Overview and Level Annotations

Branches:
Dungeon (9/15)             Temple (1/1) D:5            Lair (7/8) D:9
  Swamp (0/5) Lair:6        Snake (0/5) Lair:3
  Slime: Lair:6-8       Orc: D:9-12

Altars:
Ashenzari
Cheibriados
Dithmenos
Elyvilon
Fedhas
Gozag
Kikubaaqudgha
Makhleb
Nemelex Xobeh
Okawaru
Qazlal
Ru
Sif Muna
Trog
Vehumet
Xom
Yredelemnul
Zin
The Shining One

Annotations:
D:6 1 runed door


Message History

The hippogriff bites you but does no damage.
The hippogriff completely misses you. The hippogriff misses you.
You block the water moccasin zombie's attack.
The yak barely misses you.
There is a stone staircase leading up, spattered with blood here.
The spiny frog skeleton hits you!
* * * LOW HITPOINT WARNING * * *
The spiny frog barely misses you. The hippogriff bites you.
* * * LOW HITPOINT WARNING * * *
The hippogriff pecks you but does no damage.
The hippogriff misses you.
The water moccasin zombie closely misses you.
The yak gores you!
* * * LOW HITPOINT WARNING * * *
You climb upwards.
There is a stone staircase leading down, spattered with blood here.
Read which item? (? for menu, Esc to quit)
As you read the scroll of teleportation, it crumbles to dust.
You feel strangely unstable. The spiny frog stings you!
You die...

#........#..................
#.............#.............
##...........................
#..........≈≈≈...............
##.......≈≈≈≈≈≈≈.............
#......≈≈≈≈≈≈≈≈≈.≈.#.#......
##.....≈≈≈≈≈≈≈≈≈≈...........
#.....≈≈≈≈..≈≈≈.#.#........
#.....≈≈≈.@≈≈≈≈............
#.....≈≈≈YHF≈≈≈.#..##......
##.....≈≈≈≈≈≈≈≈≈≈.#######...
#......≈≈≈≈≈≈≈≈≈..# ##..
##P#.....≈≈≈≈≈≈≈.## #..
###..............##### ##..
#.................#..###...
#.............#........÷...
##P##..#.....#.............


You could see a yak, a hippogriff and a spiny frog.

Vanquished Creatures
  Gastronok (Lair:2)
  2 hydras
  3 death yaks (Lair:6)
  2 griffons
  12 spiny frogs
  A torpor snail (Lair:3)
  2 black mambas
  A catoblepas zombie (Lair:4)
  9 komodo dragons
  A two-headed ogre (Lair:1)
  8 blink frogs
  2 black mamba zombies
  A fire bat (D:5)
  2 wargs
  4 hippogriffs
  22 yaks
  A basilisk (Lair:2)
  11 water moccasins
  A spiny frog skeleton (Lair:1)
  3 wolves (Lair:6)
  3 nagas (Lair:3)
  4 ogres
  3 orc warriors
  A black bear (Lair:2)
  2 ice beasts
  A necrophage (D:6)
  9 porcupines
  A phantom (D:5)
  A blink frog skeleton (Lair:1)
  7 centaurs
  11 crocodiles
  A fire drake skeleton (Lair:2)
  A gnoll sergeant (D:9)
  13 giant frogs
  A big kobold (D:8)
  A water moccasin zombie (Lair:3)
  An elf skeleton (D:9)
  A jelly (D:8)
  2 komodo dragon skeletons
  A hippogriff zombie (Lair:6)
  2 scorpions
  A tengu zombie (D:9)
  3 water moccasin skeletons
  4 killer bees (D:8)
  2 hippogriff skeletons
  An electric eel (Lair:1)
  8 crimson imps
  2 hounds
  2 centaur zombies
  5 orc priests
  A basilisk zombie (Lair:2)
  A goliath beetle (D:6)
  2 centaur skeletons
  10 iguanas
  A giant frog skeleton (Lair:1)
  14 orc wizards
  9 worker ants
  A porcupine skeleton (Lair:1)
  6 crocodile zombies
  2 crocodile skeletons (Lair:1)
  An ogre skeleton (D:9)
  2 hound zombies
  A dwarf skeleton (D:9)
  A hound skeleton (D:9)
  11 gnolls
  62 river rats
  2 shadow imps
  12 adders
  2 adder zombies
  4 worms
  3 adder skeletons
  An iguana skeleton (Lair:6)
  An iguana zombie (Lair:6)
  41 orcs
  A bat skeleton (D:7)
  2 bat zombies (D:6)
  3 giant cockroaches
  10 hobgoblins
  16 jackals
  2 quokkas
  13 bats
  2 giant geckos
  A giant gecko skeleton (D:8)
  7 giant newts
  2 giant spores (D:9)
  11 goblins
  A hobgoblin zombie (D:9)
  16 kobolds
  A kobold zombie (D:9)
  An orc skeleton (D:9)
  A quokka skeleton (D:5)
  13 rats
  4 river rat skeletons
  14 ballistomycetes (D:9)
  2 butterflies
  A fungus (Lair:3)
  2 plants (Lair:6)
501 creatures vanquished.

Vanquished Creatures (others)
  An orc warrior (D:9)
  2 orcs (D:3)
  A fungus (Lair:3)
4 creatures vanquished.

Grand Total: 505 creatures vanquished

Notes
Turn   | Place    | Note
--------------------------------------------------------------
     0 | D:1      | FedoraBrony69, the Deep Elf Conjurer, began the quest for the Orb.
     0 | D:1      | Reached XP level 1. HP: 10/10 MP: 6/6
   252 | D:1      | Reached XP level 2. HP: 15/15 MP: 6/8
   988 | D:2      | Reached XP level 3. HP: 19/19 MP: 1/10
  1094 | D:2      | Reached skill level 5 in Conjurations
  1752 | D:2      | Reached XP level 4. HP: 24/24 MP: 4/12
  1898 | D:2      | Learned a level 4 spell: Iskenderun's Mystic Blast
  2239 | D:3      | Reached skill level 5 in Spellcasting
  2712 | D:4      | Reached XP level 5. HP: 26/28 MP: 0/15
  2719 | D:4      | Learned a level 5 spell: Iskenderun's Battlesphere
  2849 | D:4      | Reached skill level 6 in Conjurations
  3009 | D:4      | Noticed an ogre
  3019 | D:4      | Killed an ogre
  3019 | D:4      | Reached XP level 6. HP: 27/32 MP: 1/17
  3209 | D:4      | Noticed a giant frog
  3212 | D:4      | Killed a giant frog
  3306 | D:4      | Noticed an ogre
  3411 | D:4      | Killed an ogre
  3426 | D:4      | Reached skill level 5 in Charms
  3570 | D:4      | Reached XP level 7. HP: 31/36 MP: 7/18
  4493 | D:5      | Entered Level 5 of the Dungeon
  4499 | D:5      | Reached skill level 7 in Charms
  4655 | D:5      | Found a stormy altar of Qazlal.
  4689 | D:5      | Reached skill level 8 in Charms
  4822 | D:5      | Noticed a fire bat
  4822 | D:5      | an ice beast changed into a fire bat
  4826 | D:5      | Killed a fire bat
  4826 | D:5      | Reached skill level 9 in Charms
  4930 | D:5      | HP: 1/36 [something/magic dart (6)]
  4931 | D:5      | Reached XP level 8. HP: 1/41 MP: 1/20
  5154 | D:5      | Found a staircase to the Ecumenical Temple.
  5193 | Temple   | Entered the Ecumenical Temple
  6822 | D:6      | Found a basalt altar of Yredelemnul.
  6892 | D:6      | Reached XP level 9. HP: 45/45 MP: 12/24
  7015 | D:6      | Found a runed door.
  7037 | D:6      | Found a runed door.
  7566 | D:7      | Reached skill level 1 in Shields
  7566 | D:7      | Reached skill level 10 in Spellcasting
  7776 | D:7      | Found a glowing golden altar of the Shining One.
  8541 | D:8      | Found a shadowy altar of Dithmenos.
  8549 | D:8      | Found an opulent altar of Gozag.
  8552 | D:8      | Found an ancient bone altar of Kikubaaqudgha.
  8552 | D:8      | Found a radiant altar of Vehumet.
  8569 | D:8      | Found a glowing silver altar of Zin.
  8574 | D:8      | Became a worshipper of Kikubaaqudgha
  8806 | D:8      | Found a shattered altar of Ashenzari.
  9596 | D:8      | Reached skill level 11 in Spellcasting
  9693 | D:9      | Acquired Kikubaaqudgha's first power
  9693 | D:9      | Received a gift from Kikubaaqudgha
  9697 | D:8      | Reached skill level 5 in Shields
  9697 | D:8      | Reached XP level 10. HP: 46/50 MP: 2/27
 10140 | D:9      | Reached skill level 12 in Spellcasting
 10141 | D:9      | Found a staircase to the Lair.
 10167 | D:9      | Identified Kikubaaqudgha's Grimoire of Stolen Souls (Kikubaaqudgha gifted it to you on level 9 of the Dungeon)
 10171 | D:9      | Learned a level 2 spell: Sublimation of Blood
 10173 | D:8      | Fell from the grace of Kikubaaqudgha
 10204 | D:8      | Became a worshipper of Vehumet
 11148 | Lair:1   | Entered Level 1 of the Lair of Beasts
 11156 | Lair:1   | Acquired Vehumet's first power
 11156 | Lair:1   | Offered knowledge of Sting by Vehumet.
 11162 | Lair:1   | Reached skill level 1 in Necromancy
 11385 | Lair:1   | Reached skill level 13 in Spellcasting
 11719 | Lair:1   | Noticed a black mamba
 11724 | Lair:1   | Killed a black mamba
 11790 | Lair:1   | Reached skill level 5 in Necromancy
 11854 | Lair:1   | Got a bloodstained ring mail
 12025 | Lair:1   | Offered knowledge of Sandblast by Vehumet.
 12025 | Lair:1   | Reached skill level 14 in Spellcasting
 12239 | Lair:2   | Noticed a reaper
 12369 | Lair:2   | Reached XP level 11. HP: 54/54 MP: 20/31
 12476 | Lair:2   | Got a warped chain mail
 12773 | Lair:2   | Reached skill level 15 in Spellcasting
 13149 | Lair:1   | Reached skill level 1 in Fighting
 13208 | Lair:2   | Noticed a black mamba
 13293 | Lair:2   | Killed a black mamba
 13322 | Lair:2   | Noticed Gastronok
 13444 | Lair:2   | Killed Gastronok
 13444 | Lair:2   | Reached skill level 10 in Conjurations
 13598 | Lair:2   | Offered knowledge of Throw Frost by Vehumet.
 13820 | Lair:3   | Reached skill level 5 in Dodging
 13841 | Lair:3   | Acquired Vehumet's second power
 14339 | Lair:3   | Found a staircase to the Snake Pit.
 14497 | Lair:3   | Offered knowledge of Olgreb's Toxic Radiance by Vehumet.
 14497 | Lair:3   | Reached XP level 12. HP: 65/65 MP: 8/33
 14501 | Lair:3   | Got a pair of scorched gloves
 14729 | Lair:3   | Noticed a six-headed hydra
 14732 | Lair:3   | Killed a six-headed hydra
 15048 | Lair:3   | Identified the +1 pair of gloves of Zyoleurch {rC+ rN+ MP-9 Stlth+} (You found it on level 3 of the Lair of Beasts)
 15863 | Lair:4   | Reached skill level 5 in Fighting
 15869 | Lair:4   | Acquired Vehumet's third power
 16060 | Lair:4   | Offered knowledge of Sticky Flame by Vehumet.
 16151 | Lair:4   | Learned a level 4 spell: Sticky Flame
 16178 | Lair:4   | You fall through a shaft for 3 floors!
 16251 | Lair:6   | Reached skill level 1 in Fire Magic
 16482 | Lair:6   | Got a fine falchion
 16548 | Lair:6   | Found a dark tunnel.
 17038 | Lair:5   | Noticed a four-headed hydra
 17042 | Lair:5   | Killed a four-headed hydra
 17042 | Lair:5   | Reached skill level 16 in Spellcasting
 17042 | Lair:5   | Reached skill level 5 in Fire Magic
 17195 | Lair:6   | Found a staircase to the Swamp.
 17729 | Lair:5   | Identified the +1 ring mail of Zin's Displeasure {+Inv Str+7 Dex+2 Slay-4} (You found it on level 1 of the Lair of Beasts)
 17739 | Lair:5   | Identified the cursed +1 chain mail of Worifis {Int+4} (You found it on level 2 of the Lair of Beasts)
 17748 | Lair:5   | Identified the cursed +0 falchion of Distraction {slice, *Rage rElec rC++ SInv} (You found it on level 6 of the Lair of Beasts)
 17755 | Lair:5   | Got a jewelled chain mail
 17905 | Lair:1   | Identified the cursed +0 chain mail "Amnel" {MR++ Dex-3 SInv Stlth+} (You found it on level 5 of the Lair of Beasts)
 18439 | Lair:5   | Reached XP level 13. HP: 72/72 MP: 21/35
 18760 | Lair:4   | HP: 1/71 [catoblepas zombie[the malice of Kikubaaqudgha] (5)]
 19157 | Lair:5   | HP: 3/71 [yak (7)]
 19159 | Lair:4   | Mangled by a spiny frog

Action                   |  1- 3 |  4- 6 |  7- 9 | 10-12 | 13-15 || total
-------------------------+-------+-------+-------+-------+-------++-------
Melee: Dagger            |       |    32 |    34 |       |       ||    66
       Whip              |       |       |       |    82 |       ||    82
       Staff             |       |       |       |     2 |       ||     2
 Cast: Magic Dart        |    78 |   125 |   248 |   183 |       ||   634
       Iskenderun's Myst |       |    16 |    86 |   298 |    21 ||   421
       Iskenderun's Batt |       |       |     9 |    59 |     1 ||    69
Invok: Renounce Religion |       |       |       |     1 |       ||     1
Evoke: Wand              |       |       |     2 |       |       ||     2
  Use: Potion            |       |       |     2 |     1 |       ||     3
       Scroll            |       |       |    10 |     7 |     2 ||    19
  Eat: Chunk             |     2 |     8 |    22 |    26 |       ||    58
       Beef jerky        |       |       |     1 |     1 |       ||     2
       Pizza             |       |       |       |     1 |       ||     1
